 Dungeon Crawl Stone Soup version 0.30-a0-778-g2ef04afb54 (webtiles) character file.

Game seed: 8889169337317965327

1724 Dartaoz the Skirmisher (level 8, -4/42 HPs)
             Began as a Spriggan Hunter on Feb 15, 2023.
             Shot with a bolt by an orc warrior (20 damage)
             ... on level 6 of the Dungeon.
             The game lasted 00:10:21 (5099 turns).

Dartaoz the Skirmisher (Spriggan Hunter)            Turns: 5099, Time: 00:10:22

Health: -4/42      AC:  2    Str:  7    XL:     8   Next: 75%
Magic:  9/9        EV: 21    Int: 10    God:
Gold:   229        SH:  0    Dex: 21    Spells: 7/7 levels left

rFire   . . .      SeeInvis +    a - +0 shortbow (freeze)
rCold   . . .      Faith    .    (shield currently unavailable)
rNeg    . . .      Spirit   .    c - +0 robe
rPois   .          Reflect  .    (helmet restricted)
rElec   .          Harm     .    (no cloak)
rCorr   .          Rampage  .    (gloves unavailable)
Will    +....                    (boots unavailable)
Stlth   ++++                     (no amulet)
HPRegen 0.27/turn                (no ring)
MPRegen 0.11/turn                (no ring)

@: very quick
A: very small, no large weapons, unfitting armour, see invisible, speed 3
a: no special abilities


You were on level 6 of the Dungeon.
You visited 1 branch of the dungeon, and saw 6 of its levels.

You collected 229 gold pieces.

Inventory:

Hand Weapons
 a - a +0 shortbow of freezing (weapon)
Armour
 c - a +0 robe (worn)
Jewellery
 f - a ring of ice
 j - a +4 ring of slaying
 s - an amulet of guardian spirit
 t - a +5 ring of evasion
Scrolls
 b - 4 scrolls of immolation
 e - a scroll of enchant armour {unknown}
 h - a scroll of fog
 i - a scroll of teleportation {unknown}
 k - a scroll of brand weapon
 l - a scroll of poison {unknown}
 q - a scroll of amnesia {unknown}
 r - a scroll of enchant weapon {unknown}
Potions
 d - 2 potions of curing
 g - a potion of attraction
 m - 2 potions of brilliance
 n - 2 potions of mutation
 o - a potion of lignification {unknown}
 p - a potion of flight {unknown}
 u - a potion of heal wounds
 v - a potion of might {unknown}


   Skills:
 + Level 3.7 Fighting
 + Level 9.6 Ranged Weapons
 + Level 5.9 Dodging
 + Level 6.5 Stealth


You had 7 spell levels left.
You didn't know any spells.
Your spell library contained the following spells:

 Spells                   Type           Power      Damage    Failure   Level
 Ozocubu's Armour         Ice            0%         N/A       75%         3
 Summon Guardian Golem    Hex/Summ       0%         N/A       75%         3
 Metabolic Englaciation   Hex/Ice        0%         N/A       100%        5
 Simulacrum               Ice/Necr       0%         N/A       100%        6
 Orb of Destruction       Conj           0%         9d5       100%        7
 Spellforged Servitor     Conj/Summ      0%         N/A       100%        7


Dungeon Overview and Level Annotations

Branches:
Dungeon (6/15)
 Temple: D:4-7

Altars:
Hepliaklqana

Shops:
D:1 (


Innate Abilities, Weirdness & Mutations

You are very small and have problems with some larger weapons.
You are too small for most types of armour.
You have supernaturally acute eyesight. (SInv)
You cover ground extremely quickly. (Speed+++)


Message History

The arrow closely misses the orc wizard.
The orc warrior unwields a +0 flail.
The orc warrior wields a +0 arbalest.
The orc warrior shoots a bolt.
The bolt completely misses you.
You shoot an arrow. The arrow hits the orc wizard.
The arrow freezes the orc wizard.
The orc wizard is heavily wounded.
You shoot an arrow. The arrow hits the orc wizard.
The arrow freezes the orc wizard.
The orc wizard is severely wounded.
The orc wizard points at you and mumbles some strange words.
The magic dart hits you!
You shoot an arrow. The arrow hits the orc wizard.
The arrow freezes the orc wizard.
The orc wizard is almost dead.
The orc warrior shoots a bolt.
The bolt hits you!
An adder comes into view.
The orc wizard casts a spell at you. The puff of flame hits you.
The adder hisses angrily.
You hear a shout!
You are too injured to fight recklessly!
You are too injured to fight recklessly!
You are too injured to fight recklessly!
Fire: a) +0 shortbow (freeze)
Press: ? - help, Q - select action Shift-Dir - straight line, f/p - orc wizard
Aim: an orc wizard, wielding a +0 dagger and wearing a +0 robe (almost dead, 61% to hit)
You shoot an arrow.
The arrow hits the orc wizard but does no damage.
The orc wizard is almost dead.
Fire: a) +0 shortbow (freeze)
Press: ? - help, Q - select action Shift-Dir - straight line, f/p - orc wizard
Aim: an orc wizard, wielding a +0 dagger and wearing a +0 robe (almost dead, 61% to hit)
You shoot an arrow. The arrow barely misses the orc wizard.
The arrow hits the orc warrior!
The arrow freezes the orc warrior.
The orc warrior is heavily wounded.
You shoot an arrow. The arrow hits the orc wizard.
The arrow freezes the orc wizard.
You kill the orc wizard!
The orc warrior shoots a bolt.
The bolt hits you!!
You die...

.o... ... ..# ##.# o... #.##
..# #.#. #o. #..###..# #....
### #S##.......# ##..## #.#
#.o..##...####....####.#
#o#...#..##............#
..#....o....##..#..<.##..#
#........)...#.......###...
..........)@..[.......##....
........>..............#....
.............#..†..#........
............##.....#......##
#....................##....#
................##..##.<###
...............##.####.#
##.......##.##### ### .#...
###


You could see an orc warrior, an orc wizard, an adder and 2 orcs.

Vanquished Creatures
  Pikel (D:5)
  The ghost of gyole the Shooter, an amateur SpHu of the Shining One (D:5)
  An ice beast (D:6)
  A black bear (D:4)
  An ogre (D:4)
  A kobold brigand (D:5)
  2 scorpions
  A jelly (D:4)
  2 howler monkeys
  3 hounds
  An orc priest (D:5)
  4 iguanas
  4 orc wizards
  7 gnolls
  6 adders
  A shadow imp (D:5)
  2 worms
  A dart slug (D:1)
  11 orcs
  9 bats
  2 endoplasms
  4 giant cockroaches
  7 goblins
  6 hobgoblins
  4 jackals
  A quokka (D:1)
  5 ball pythons
  3 frilled lizards
  14 kobolds
  7 rats
113 creatures vanquished.

Vanquished Creatures (others)
  2 orc wizards (D:5)
2 creatures vanquished.

Grand Total: 115 creatures vanquished

Notes
Turn   | Place    | Note
-------+----------+-------------------------------------------
     0 | D:1      | Dartaoz the Spriggan Hunter began the quest for the Orb.
     0 | D:1      | Reached XP level 1. HP: 10/10 MP: 2/2
    91 | D:1      | Found Palyosiv's Weapon Boutique.
   161 | D:1      | Reached XP level 2. HP: 14/14 MP: 3/3
   435 | D:1      | Reached skill level 5 in Ranged Weapons
  1257 | D:2      | Reached XP level 3. HP: 18/18 MP: 4/4
  1570 | D:2      | Reached XP level 4. HP: 10/22 MP: 5/5
  2168 | D:3      | Reached skill level 6 in Ranged Weapons
  2721 | D:4      | Noticed a black bear
  2749 | D:4      | Killed a black bear
  2750 | D:4      | Reached XP level 5. HP: 25/25 MP: 6/6
  2783 | D:4      | Noticed an ogre
  2817 | D:3      | Reached skill level 7 in Ranged Weapons
  2991 | D:4      | Reached XP level 6. HP: 16/30 MP: 7/7
  3156 | D:4      | Reached skill level 8 in Ranged Weapons
  3300 | D:4      | Reached XP level 7. HP: 33/33 MP: 8/8
  3632 | D:5      | Entered Level 5 of the Dungeon
  3997 | D:5      | Reached skill level 9 in Ranged Weapons
  4057 | D:5      | Found a runed translucent gate.
  4057 | D:5      | Found a runed translucent gate.
  4057 | D:5      | Found a runed translucent gate.
  4057 | D:5      | Noticed gyole's ghost (amateur SpHu)
  4397 | D:5      | Noticed Pikel
  4458 | D:5      | Killed Pikel
  4459 | D:5      | Reached skill level 5 in Dodging
  4459 | D:5      | Reached skill level 5 in Stealth
  4459 | D:5      | Reached XP level 8. HP: 12/40 MP: 9/9
  4587 | D:5      | Found a hazy altar of Hepliaklqana.
  4966 | D:5      | Killed gyole's ghost
  5099 | D:6      | Shot with a bolt by an orc warrior

Illustrated notes

Levels and vault maps discovered:
D:1:      kilobyte_arrival_exit_the_forest, layout_basic, serial_shops,
          nicolae_diamond_shop, chequers_serial_rivers_small_a,
          wad_woods_river_04, minivault_23, minmay_heptomino_d4
D:2:      layout_basic, grunt_ministairs_3
D:3:      layout_loops_ring, minivault_25, kennysheep_donut
D:4:      layout_basic, grunt_decor_cap, minmay_fountain_box
D:5:      layout_loops_ring, lemuel_doored_altar, ebering_ghost_rock_garden,
          uniq_pikel
D:6:      layout_cave_pools, minmay_temple_entry_stoned_glass, uniq_menkaure,
          uniq_crazy_yiuf_cottage

Skill      XL: |  1  2  3  4  5  6  7  8 |
---------------+-------------------------+-----
Ranged Weapons | 5 6 7 8 9 |  9.6
Dodging        | 5 |  5.9
Stealth        | 5 6 |  6.5
Fighting       | 3 |  3.7

Action                     |  1- 3 |  4- 6 |  7- 9 || total
---------------------------+-------+-------+-------++-------
   Fire: Shortbow          |   103 |   158 |   169 ||   430
    Use: Scroll            |       |       |     6 ||     6
 Armour: Robe              |    11 |     7 |     3 ||    21
  Dodge: Dodged            |    73 |    60 |    48 ||   181

Table legend: (Time is in decaauts)
 A = Elapsed time spent in this place.
 B = Non-inter-level travel time spent in this place.
 C = Inter-level travel time spent in this place.
 D = Time resting spent in this place.
 E = Time spent auto-exploring this place.
 F = Levels seen in this place.
 G = Mean time per level.
                   A        B        C        D        E       F      G
               +--------+--------+--------+--------+--------+-----+--------+
         Total |   3677 |   3521 |    156 |    100 |   2710 |   6 |  612.8 |
       Dungeon |   3677 |   3521 |    156 |    100 |   2710 |   6 |  612.8 |
               +--------+--------+--------+--------+--------+-----+--------+

Top non-repeatable levels by time:
     D:5: 1077 daAuts
     D:1: 856 daAuts
     D:2: 648 daAuts
     D:4: 588 daAuts
     D:3: 450 daAuts
     D:6: 56 daAuts
